Map: 16-Bit LE

Players

puCK (Nina) - Winner!

  • Race: Protoss Protoss
  • League: Grandmaster
  • Spawn Location: 7:00

Semper

  • Race: Terran Terran
  • Spawn Location: 1:00

Event: WCS Austin 2018

VOD

Have the link to the VOD?

Description

Time

  • Played on: June 1, 2018, 11:28 p.m.
  • Length: 24:57

All games in this series

Show
View Real Time Build Order
Export as new Build Order

puCK Protoss - Winner!

Build Orders: 1 Gate Expand, Colossus Rush 

Get SALT Encoding   

  12  0:00  Probe  
  13  0:12  Probe  
  14  0:19  Pylon  
  14  0:24  Probe  
  15  0:33  Probe  
  15  0:40  Gateway  
  15  0:41  Probe  
  17  0:52  Assimilator  
  17  0:54  Probe  
  18  1:06  Probe  
  19  1:19  Probe  
  20  1:28  Nexus  
  20  1:38  Cybernetics Core  
  20  1:40  Probe  
  21  1:47  Assimilator  
  21  1:53  Probe  
  22  1:57  Pylon  
  22  2:05  Probe  
  22  2:06  Adept  
  23  2:15  Warp Gate  
  25  2:17  Probe  
  26  2:27  Stalker  
  26  2:29  Probe  
  29  2:40  Probe  
  29  2:41  Probe  
  31  2:52  Probe, Stalker  
  31  2:53  Probe  
  35  3:04  Probe  
  35  3:05  Probe  
  36  3:16  Probe  
  36  3:17  Probe  
  38  3:22  Gateway x2  
  38  3:24  Probe  
  38  3:29  Probe  
  38  3:32  Probe  
  40  3:37  Pylon  
  39  3:41  Assimilator, Probe  
  39  3:43  Probe  
  39  3:45  Assimilator  
  41  3:50  Robotics Facility  
  41  3:52  Probe  
  41  3:54  Probe  
  43  4:00  Probe  
  43  4:01  Pylon  
  43  4:06  Probe  
  43  4:09  Probe  
  45  4:15  Forge  
  46  4:17  Stalker x2  
  46  4:18  Probe  
  46  4:22  Stalker  
  46  4:24  Probe  
  54  4:30  Pylon  
  54  4:31  Probe  
  55  4:33  Pylon  
  55  4:40  Robotics Bay  
  55  4:44  Observer  
  55  4:46  Protoss Ground Weapons Level 1  
  55  4:47  Pylon  
  56  5:01  Nexus  
  56  5:04  Observer  
  57  5:10  Stalker  
  57  5:12  Sentry x2  
  63  5:18  Twilight Council  
  63  5:19  Observer  
  63  5:28  Probe  
  64  5:35  Colossus  
  59  5:45  Charge  
  59  5:48  Probe  
  66  5:50  Probe  
  66  5:56  Extended Thermal Lance  
  67  6:00  Probe  
  67  6:01  Zealot  
  67  6:02  Zealot  
  73  6:07  Pylon  
  73  6:09  Gateway  
  73  6:10  Gateway  
  72  6:12  Gateway  
  72  6:17  Gateway  
  72  6:20  Colossus  
  72  6:23  Zealot x2  
  75  6:38  Observer, Zealot  
  83  6:43  Observer, Protoss Ground Armor Level 1  
  83  6:45  Zealot  
  83  6:46  Probe  
  83  6:47  Probe  
  87  6:48  Probe  
  87  6:53  Zealot  
  90  6:58  Probe  
  90  6:59  Probe  
  92  7:02  Probe  
  92  7:03  Colossus  
  93  7:10  Probe  
  93  7:12  Zealot x3  
  93  7:13  Templar Archives  
  100  7:22  Probe  
  107  7:24  Probe  
  107  7:28  Probe, Pylon  
  108  7:34  Probe  
  109  7:40  Pylon  
  109  7:42  Pylon  
  109  7:44  Psionic Storm  
  109  7:46  Probe x2, Zealot x3  
  109  7:50  Pylon  
  117  7:58  Probe x2  
  119  8:01  Observer  
  119  8:02  Probe  
  121  8:07  Pylon  
  121  8:08  High Templar x3  
  121  8:10  Probe  
  128  8:16  High Templar  
  128  8:17  Probe  
  128  8:19  Zealot x3  
  137  8:21  Photon Cannon  
  137  8:29  Assimilator  
  137  8:30  Assimilator  
  137  8:34  Disruptor  
  137  8:39  Zealot  
  140  8:44  Pylon  
  140  8:46  Pylon  
  140  8:53  Gateway  
  140  8:54  Probe, Gateway  
  141  8:57  Shield Battery, Probe, Protoss Ground Armor Level 2  
  141  8:58  Nexus  
  141  8:59  High Templar x2  
  141  9:01  Pylon  
  144  9:11  Forge  
  144  9:12  Probe  
  143  9:17  Disruptor  
  143  9:18  Blink  
  143  9:20  Probe  
  144  9:27  Zealot  
  149  9:31  Probe, Pylon  
  149  9:33  Protoss Ground Weapons Level 2  
  149  9:34  Pylon  
  149  9:37  High Templar  
  152  9:40  Probe  
  153  9:51  Stalker x2  
  157  9:53  Zealot x3  
  158  10:01  High Templar  
  158  10:05  Photon Cannon  
  158  10:06  Shield Battery  
  158  10:07  Disruptor  
  160  10:08  Photon Cannon  
  163  10:14  Zealot x5  
  173  10:28  Stalker x3  
  179  10:33  Assimilator  
  179  10:34  Stalker  
  181  10:36  Observer  
  181  10:37  Stalker x3  
  181  10:38  Assimilator  
  186  10:43  Stalker  
  186  10:45  Stalker  
  179  11:03  Zealot x6  
  191  11:06  Probe x3  
  191  11:10  Probe  
  191  11:21  Nexus  
  191  11:22  Zealot x3  
  191  11:23  Pylon  
  189  11:34  Disruptor, Robotics Facility  
  192  11:41  Zealot x4  
  192  11:44  Protoss Ground Armor Level 3, Photon Cannon  
  200  11:53  Protoss Ground Weapons Level 3  
  200  12:01  Photon Cannon  
  200  12:02  Photon Cannon  
  200  12:04  Photon Cannon  
  192  12:18  Warp Prism  
  192  12:20  Stalker  
  192  12:21  Stalker x4  
  142  12:41  Archon  
  128  12:46  High Templar x4  
  128  12:49  High Templar  
  128  12:50  High Templar x4  
  142  12:52  Probe x3  
  142  12:53  Probe  
  142  12:54  Archon x2  
  142  12:55  Assimilator  
  146  13:00  Assimilator  
  146  13:01  Stargate  
  146  13:04  Probe x2  
  146  13:05  Probe x2  
  150  13:16  Probe  
  150  13:19  Stalker x2  
  155  13:22  High Templar x4  
  155  13:23  Stalker x3  
  169  13:27  Archon x2  
  169  13:31  Gateway  
  168  13:34  Gateway  
  168  13:39  Phoenix  
  166  13:51  Zealot x5  
  166  13:52  Zealot  
  176  14:06  High Templar x2  
  176  14:07  Phoenix  
  182  14:11  Zealot x3  
  182  14:12  Zealot x3  
  182  14:13  Zealot  
  183  14:32  Probe x2  
  183  14:37  Stalker  
  183  14:38  Stalker x5  
  192  14:40  High Templar x3  
  198  14:50  Archon  
  190  14:53  Archon  
  186  15:07  Zealot x6  
  158  15:23  High Templar x3  
  162  15:32  High Templar x4  
  162  15:33  High Templar x2  
  159  15:50  Zealot x2  
  159  15:55  Nexus  
  163  15:59  Observer  
  163  16:01  Pylon  
  163  16:03  Pylon  
  159  16:05  Stalker x9  
  177  16:11  Pylon  
  177  16:12  Pylon  
  177  16:29  Nexus  
  176  16:34  Stalker x4  
  175  16:52  Zealot x7  
  187  17:03  Zealot x4  
  173  17:20  Zealot x3  
  173  17:21  Zealot x4  
  173  17:22  Warp Prism  
  169  17:35  High Templar  
  169  17:36  High Templar x3  
  175  17:44  Warp Prism  
  175  17:46  Assimilator x2  
  175  17:53  Zealot x7  
  181  18:04  Observer, Warp Prism  
  183  18:11  Stalker x4  
  191  18:18  Stalker x2  
  187  18:29  Probe x2  
  182  18:44  Protoss Shields Level 1  
  162  18:59  Zealot x7  
  162  19:00  Zealot x4  
  182  19:15  Nexus  
  180  19:19  High Templar x6  
  184  19:30  Zealot x5  
  180  19:53  Zealot x4  
  180  19:54  Zealot x4  
  162  20:01  High Templar x2  
  162  20:02  High Templar x2  
  162  20:05  High Templar x2  
  160  20:09  Pylon  
  160  20:10  Stalker x4  
  160  20:12  Pylon  
  168  20:15  Probe x3  
  168  20:16  Probe  
  172  20:27  Probe x2  
  172  20:34  Zealot  
  172  20:35  Stalker, Zealot x2  
  178  20:36  Stalker x2  
  178  20:39  Phoenix  
  186  20:47  Zealot x3  
  184  20:50  Stalker  
  182  21:00  Stalker  
  182  21:01  Stalker x2  
  182  21:02  Zealot x4  
  194  21:13  Protoss Shields Level 2, Zealot x3  
  184  21:44  Probe x2  
  184  21:46  Zealot x7  
  196  21:55  High Templar x3  
  200  22:10  Photon Cannon  
  200  22:12  Photon Cannon  
  195  22:15  Assimilator  
  195  22:19  Assimilator, Archon  
  195  22:22  Stalker x3  
  178  22:23  Stalker  
  170  22:42  High Templar x5  
  161  22:58  High Templar x4  
  161  23:04  High Templar x2  
  172  23:06  Probe x3  
  171  23:25  Zealot  
  171  23:26  Zealot x4  
  174  23:30  High Templar  
  174  23:31  High Templar x3  
  146  23:41  Zealot x2  
  146  23:51  Stalker x5  
  154  24:09  Stalker x4  
  159  24:14  Nexus  
  157  24:25  Pylon  
  157  24:27  Pylon  
  157  24:32  Stalker x2  
  159  24:43  Nexus  
Show
View Real Time Build Order
Export as new Build Order

Semper Terran 

Build Orders: Gas First Reaper Expand, Liberator Opening, Reaper Expand, MMM Bio 

Get SALT Encoding   

  12  0:00  SCV  
  13  0:13  SCV  
  14  0:18  Supply Depot  
  14  0:25  SCV  
  15  0:29  Refinery  
  15  0:40  SCV  
  16  0:46  Barracks  
  16  0:52  SCV  
  17  1:04  SCV  
  18  1:16  SCV  
  19  1:36  Orbital Command  
  19  1:37  Reaper  
  20  1:50  Command Center  
  20  2:02  SCV  
  20  2:04  Factory  
  21  2:12  Barracks Reactor  
  21  2:14  SCV  
  22  2:20  Supply Depot  
  22  2:26  SCV  
  22  2:27  Refinery  
  23  2:42  SCV  
  24  2:49  Marine x2  
  26  2:51  Starport  
  26  2:54  Widow Mine, SCV  
  29  3:06  Orbital Command, SCV  
  29  3:11  Marine x2  
  32  3:18  SCV  
  32  3:22  Widow Mine  
  34  3:28  Medivac  
  34  3:29  Marine x2  
  34  3:31  SCV  
  34  3:33  SCV  
  40  3:37  Supply Depot  
  40  3:41  Liberator  
  40  3:43  SCV  
  40  3:45  Factory Tech Lab  
  40  3:47  Marine x2  
  43  3:50  SCV  
  43  3:53  Engineering Bay  
  48  4:02  SCV  
  48  4:09  SCV  
  49  4:12  Supply Depot x2  
  49  4:15  SCV  
  49  4:16  Siege Tank  
  53  4:20  Marine  
  54  4:33  Missile Turret, Marine  
  54  4:34  SCV  
  54  4:37  SCV  
  54  4:38  Marine  
  57  4:42  Supply Depot  
  58  4:46  SCV  
  58  4:49  Siege Tank, SCV  
  63  5:00  Command Center  
  63  5:03  SCV  
  64  5:09  Terran Infantry Weapons Level 1, Barracks Tech Lab  
  64  5:10  Supply Depot  
  64  5:13  SCV  
  65  5:23  Siege Tank  
  68  5:29  Barracks  
  68  5:31  Barracks  
  65  5:36  SCV  
  66  5:45  SCV  
  66  5:47  Marine  
  66  5:48  Stimpack  
  62  5:50  Starport Reactor, SCV  
  62  5:52  Refinery x2  
  62  5:53  Supply Depot  
  63  5:57  SCV  
  63  6:03  SCV  
  65  6:09  SCV, Marine  
  67  6:14  Missile Turret  
  67  6:16  Orbital Command  
  67  6:20  Barracks  
  67  6:21  Engineering Bay, Supply Depot, Barracks  
  67  6:22  SCV  
  68  6:25  Marine x2  
  68  6:31  Medivac x2  
  74  6:33  Orbital Command, SCV  
  74  6:36  SCV  
  74  6:38  Factory Tech Lab  
  76  6:45  SCV  
  77  6:48  Marauder, Combat Shield, Marine x2  
  77  6:49  Marauder, Missile Turret  
  77  6:52  SCV  
  84  6:56  Terran Infantry Armor Level 1  
  84  6:57  SCV  
  84  6:59  Armory  
  84  7:00  SCV  
  86  7:08  Marine x2  
  86  7:10  SCV  
  86  7:13  Siege Tank, Missile Turret  
  92  7:16  Medivac  
  92  7:18  SCV  
  92  7:21  Refinery  
  92  7:22  Refinery  
  95  7:25  SCV x2  
  95  7:29  Barracks Reactor  
  97  7:30  Supply Depot, Barracks Tech Lab  
  97  7:32  SCV  
  97  7:35  Marauder x2  
  101  7:37  Medivac  
  101  7:38  SCV  
  104  7:45  SCV x2  
  104  7:48  Missile Turret  
  104  7:49  Concussive Shells  
  104  7:50  SCV  
  107  7:56  Marine  
  107  7:57  Marauder x3, Marine  
  115  8:01  Siege Tank  
  115  8:03  SCV x3  
  121  8:08  Terran Infantry Weapons Level 2  
  121  8:14  Supply Depot  
  121  8:15  SCV  
  121  8:18  Supply Depot  
  122  8:21  SCV, Factory  
  122  8:28  Marauder, Marine  
  125  8:34  SCV  
  125  8:35  Marine x4  
  125  8:36  Marauder  
  125  8:38  Supply Depot  
  125  8:39  Supply Depot  
  125  8:40  Supply Depot  
  125  8:41  Terran Vehicle Weapons Level 1  
  130  8:48  Marine  
  130  8:50  Marauder  
  131  8:57  Marine  
  131  8:58  Marauder, Marine  
  135  9:03  SCV  
  135  9:07  Medivac x2  
  135  9:08  Siege Tank  
  135  9:09  Factory Tech Lab  
  143  9:10  Command Center  
  143  9:12  Supply Depot  
  142  9:18  Marauder x2, Marine x2  
  142  9:23  Starport, Fusion Core  
  148  9:26  Marine  
  148  9:27  Marauder  
  148  9:31  Missile Turret  
  150  9:33  Marine  
  150  9:36  Supply Depot  
  150  9:38  Liberator x2  
  151  9:39  Marauder  
  153  9:52  Marine x3  
  156  9:53  Marauder  
  156  9:54  Marine  
  156  9:55  Marauder  
  165  10:08  Marauder  
  165  10:09  Marine  
  165  10:10  Marine  
  165  10:12  Terran Infantry Armor Level 2  
  172  10:17  Armory  
  172  10:19  Marauder, Marine  
  172  10:21  Factory Reactor  
  172  10:22  Supply Depot x2  
  172  10:26  Marauder, Marine  
  171  10:31  Terran Infantry Weapons Level 3  
  171  10:40  Marine  
  171  10:41  Marauder x2, Sensor Tower  
  91  10:42  Liberator  
  175  10:43  Liberator, Command Center  
  175  10:45  Siege Tank  
  178  10:55  Marauder, Marine  
  153  11:00  Advanced Ballistics  
  153  11:02  Marauder  
  153  11:03  SCV  
  161  11:04  Liberator  
  161  11:09  Planetary Fortress  
  161  11:10  SCV  
  162  11:18  Marauder, Marine x2  
  165  11:20  Marine  
  165  11:21  Marauder  
  165  11:25  Terran Ship Weapons Level 1  
  172  11:26  SCV x2  
  172  11:28  Refinery x2  
  174  11:35  Siege Tank  
  174  11:37  SCV, Liberator  
  174  11:38  SCV  
  179  11:44  Factory Tech Lab  
  179  11:47  Ghost Academy  
  176  11:48  Barracks, Liberator  
  176  11:49  Barracks  
  176  11:50  Barracks  
  176  11:53  Marauder, Marine x2  
  176  11:54  Liberator  
  186  12:21  Marauder, Marine x3  
  186  12:22  Marauder  
  187  12:26  Liberator  
  187  12:27  SCV  
  187  12:28  Command Center  
  184  12:35  Marine x2  
  184  12:36  Marauder  
  159  12:39  Siege Tank  
  159  12:41  Marine  
  159  12:42  Liberator, Marine  
  159  12:43  Marauder  
  159  12:44  Marine  
  142  12:45  Marauder  
  147  12:53  Marine  
  147  12:57  Marine  
  150  12:59  Marine  
  150  13:04  Marauder, Barracks Tech Lab x2  
  153  13:06  Marine x2  
  153  13:07  Marauder  
  153  13:11  Marine  
  153  13:12  Command Center  
  158  13:15  Medivac x2  
  158  13:17  Barracks Tech Lab  
  162  13:21  Ghost  
  162  13:22  Marine, Ghost  
  162  13:23  Marauder  
  162  13:24  Marine  
  162  13:25  Liberator  
  162  13:26  Marauder  
  172  13:28  Liberator  
  172  13:31  Medivac  
  172  13:33  Marine x2  
  176  13:35  Marine x2  
  176  13:40  Liberator  
  178  13:44  Liberator  
  178  13:45  Planetary Fortress  
  178  13:47  Marine x2  
  178  13:48  Marauder  
  186  13:57  Marine x2  
  194  14:05  Marine x2  
  194  14:06  Marauder  
  195  14:18  Marine x5  
  197  14:34  Terran Ship Weapons Level 2  
  197  14:35  Terran Vehicle And Ship Armor Level 1  
  197  14:36  Terran Infantry Armor Level 3  
  194  14:43  Viking  
  194  14:53  Marine x3  
  194  14:54  Marauder  
  199  15:10  Marine  
  199  15:11  Marauder  
  200  15:18  Siege Tank  
  200  15:27  Liberator x2  
  199  15:28  Marine  
  199  15:29  Marine  
  199  15:31  Marine  
  195  15:47  Marine  
  196  15:52  Siege Tank, Marine  
  200  16:29  Starport  
  200  16:30  Starport x2  
  193  16:43  Missile Turret  
  187  16:47  Marine  
  187  16:48  Marauder, Planetary Fortress, Marine x4  
  187  16:49  Marine x4  
  197  17:05  Marine x3  
  200  17:10  Starport Reactor x2  
  200  17:11  Starport Reactor  
  194  17:17  Ghost  
  194  17:21  Siege Tank  
  193  17:22  Siege Tank, Marine  
  193  17:23  Marauder, Marine x2  
  193  17:26  Missile Turret  
  197  17:32  Hi-Sec Auto Tracking, Structure Armor  
  197  17:42  Ghost  
  198  18:06  Refinery  
  198  18:07  Sensor Tower, Refinery  
  194  18:20  Liberator  
  194  18:21  Liberator x2  
  194  18:25  Siege Tank  
  194  18:26  Command Center  
  194  18:27  Command Center  
  196  18:30  Marauder, Marine x2  
  196  18:31  Marine x3  
  196  18:32  Marauder  
  180  18:59  Siege Tank  
  180  19:00  Marauder, Marine x4  
  180  19:01  Ghost  
  180  19:02  Marine x2  
  195  19:03  Marauder  
  195  19:04  Marine  
  195  19:09  Liberator x2  
  196  19:12  Liberator  
  196  19:15  Siege Tank  
  196  19:17  Marine  
  196  19:18  Marine x3  
  196  19:20  Marauder  
  196  19:21  Marine  
  196  19:23  Marine, Liberator x2  
  196  19:24  Liberator x3  
  200  19:30  Marine x2  
  191  19:31  Marauder  
  191  19:35  Marine  
  189  19:39  Planetary Fortress  
  200  19:50  Ghost  
  200  19:52  Marine  
  168  19:53  Marauder, Liberator, Marine x3  
  168  19:55  Marine x2  
  168  19:59  Marine  
  151  20:04  Marine  
  151  20:05  SCV  
  151  20:06  SCV x4  
  154  20:10  Marine x3  
  154  20:11  Marauder  
  154  20:13  Marine  
  154  20:14  Marauder, Marine  
  165  20:17  SCV  
  165  20:18  Marauder, SCV x5  
  165  20:19  Marine  
  175  20:22  Marine  
  175  20:28  Marine x3  
  177  20:29  SCV  
  177  20:30  SCV x5  
  177  20:31  Marine  
  177  20:32  Marauder x2  
  177  20:34  Ghost  
  190  20:37  Marine  
  190  20:39  Marauder, Marine  
  190  20:41  Medivac  
  190  20:42  SCV  
  197  20:43  Refinery  
  197  20:46  Marine x2  
  197  20:48  Marine  
  194  20:51  Medivac  
  194  20:54  Marauder x2  
  200  21:03  Ghost  
  195  21:12  Marauder x2, Marine  
  200  21:18  Command Center  
  189  21:41  Marine  
  189  21:42  Marauder, Medivac  
  189  21:43  Medivac  
  189  21:44  Command Center  
  195  21:57  Medivac x2  
  199  22:10  Marine  
  199  22:12  Liberator x2  
  200  22:20  Marine x3  
  200  22:21  Marauder  
  200  22:22  Marine  
  190  22:23  Marine  
  190  22:24  Marauder, Command Center  
  190  22:28  Marine x3  
  200  22:35  SCV  
  197  22:38  Marine x3  
  197  22:40  Refinery, Liberator  
  200  22:45  Marine  
  200  22:51  Marine  
  190  22:55  Refinery  
  190  22:57  Marine  
  181  23:04  Marine  
  181  23:05  Marauder, Marine  
  172  23:06  Marauder, Marine x2  
  172  23:09  Marine x3  
  176  23:15  Marine  
  174  23:21  Planetary Fortress  
  174  23:22  Marine  
  174  23:23  Marine x2  
  174  23:24  Marine  
  180  23:27  Marauder, Marine  
  173  23:35  Marine x2  
  173  23:36  Marauder  
  157  23:42  Marine x5  
  164  23:48  Marauder  
  157  24:01  Marine x4  
Tags
 
Add a new tag
Caveats
  • Supply blocks, unpowered buildings, or Contaminate may cause inaccurate times.
  • Supply counts are checked every 10 seconds.